 Dungeon Crawl Stone Soup version 0.32-a0-42-ga30500b4d3 (webtiles) character file.

Game seed: 17831826943748890780

60 pokeman the Magician (level 3, -2/20 HPs)
             Began as a Deep Elf Hedge Wizard on Jan 27, 2024.
             Killed by divine providence
             ... invoked by an orc priest
              (11 damage)
             ... on level 3 of the Dungeon.
             The game lasted 00:03:11 (2561 turns).

pokeman the Magician (Deep Elf Hedge Wizard)        Turns: 2561, Time: 00:03:11

Health: -2/20      AC:  3    Str: 13    XL:     3   Next: 82%
Magic:  8/11       EV: 12    Int: 20    God:
Gold:   148        SH:  0    Dex: 14    Spells: 4/12 levels left

rFire   . . .        a - +0 dagger
rCold   . . .        (no shield)
rNeg    . . .        b - +0 robe
rPois   .            c - +0 hat
rElec   .            (no cloak)
rCorr   .            h - +0 pair of gloves
SInv    .            (no boots)
Will    .....        g - amulet of magic regeneration
Stlth   ++           j - +6 ring of strength
HPRegen 0.23/turn    (no ring)
MPRegen 0.52/turn

%: no passive effects
@: no status effects
A: no striking features
a: no special abilities


You were on level 3 of the Dungeon.
You visited 1 branch of the dungeon, and saw 3 of its levels.

You collected 148 gold pieces.

Inventory:

Hand Weapons
 a - a +0 dagger (weapon)
Armour
 b - a +0 robe (worn)
 c - a +0 hat (worn)
 h - a +0 pair of gloves (worn)
Jewellery
 g - an amulet of magic regeneration (around neck)
 j - a +6 ring of strength (left hand)
Scrolls
 f - 2 scrolls of identify {unknown}
 i - a scroll of enchant armour {unknown}
Potions
 d - a potion of magic
 e - a potion of ambrosia
 k - 3 potions of lignification {unknown}
 l - a potion of cancellation {unknown}
 m - a potion of curing {unknown}


   Skills:
 - Level 1.0 Fighting
 + Level 1.0 Armour
 + Level 2.6 Dodging
 - Level 2.4 Stealth
 * Level 5.3 Spellcasting
 + Level 2.0 Conjurations
 - Level 1.1 Summonings
 - Level 1.1 Translocations


You had 4 spell levels left.
You knew the following spells:

 Your Spells              Type           Power      Damage    Failure   Level
a - Magic Dart            Conj           52%        1d5       4%          1
b - Mephitic Cloud        Conj/Alch/Air  8%         N/A       26%         3
c - Call Imp              Summ           18%        N/A       11%         2
d - Blink                 Tloc           18%        N/A       11%         2

Your spell library contained the following spells:

 Spells                   Type           Power      Damage    Failure   Level
 Slow                     Hex            20%        N/A       11%         1
 Cigotuvi's Dreadful Rot  Necr/Alch/Air  10%        N/A       17%         2


Dungeon Overview and Level Annotations

Branches:
Dungeon (3/15)

Altars:
Okawaru
Zin


Message History

The orc shouts!
An orc comes into view. It is wielding a +0 whip.
Casting: Magic Dart (safe; 4% risk of failure)
Confirm with . or Enter, or press ? or * to list all spells.
Aiming: Magic Dart (safe; 4% risk of failure)
Press: ? - help, Shift-Dir - straight line, f/p - orc
Aim: an orc, wielding a +0 whip and wearing a +0 leather armour (100% to hit)
The magic dart hits the orc but does no damage.
The orc shouts!
Casting: Magic Dart (safe; 4% risk of failure)
Confirm with . or Enter, or press ? or * to list all spells.
Aiming: Magic Dart (safe; 4% risk of failure)
Press: ? - help, Shift-Dir - straight line, f/p - orc
Aim: an orc, wielding a +0 whip and wearing a +0 leather armour (100% to hit)
The magic dart hits the orc.
The orc is lightly wounded.
An orc priest comes into view. It is wielding a +0 club.
Casting: Magic Dart (safe; 4% risk of failure)
Confirm with . or Enter, or press ? or * to list all spells.
Aiming: Magic Dart (safe; 4% risk of failure)
Press: ? - help, Shift-Dir - straight line, f - orc
Aim: an orc, wielding a +0 whip (100% to hit)
The magic dart hits the orc.
The orc is heavily wounded.
The orc priest shouts!
Casting: Magic Dart (safe; 4% risk of failure)
Confirm with . or Enter, or press ? or * to list all spells.
Aiming: Magic Dart (safe; 4% risk of failure)
Press: ? - help, Shift-Dir - straight line, f/p - orc
Aim: an orc, wielding a +0 whip (heavily wounded, 100% to hit)
The magic dart hits the orc.
You kill the orc!
The orc priest calls down the wrath of Beogh upon you.
Beogh smites you!
Ouch! That really hurt!
Unknown command.
The orc priest mumbles some strange prayers to Beogh against you.
Beogh smites you!
Ouch! That really hurt!
You die...

#######... #.........#
###.........#
............
#........... #.....o).o.
###.....o.... #.....#'#
.######## #.....@.#
#.......#
#.......#####.......#
####................###
.......................
..............≈≈≈≈..PPP
#.....#.................
#.....#.......†.........
#.....#......##.........
............##.........


You could see an orc priest and 2 orcs.

Vanquished Creatures
  2 adders (D:2)
  A ribbon worm (D:2)
  An orc (D:3)
  2 ball pythons
  3 endoplasms
  3 giant cockroaches (D:1)
  4 goblins
  3 hobgoblins
  4 kobolds
  5 quokkas
  2 bats
  5 frilled lizards
  2 rats
37 creatures vanquished.

Notes
Turn   | Place    | Note
-------+----------+-------------------------------------------
     0 | D:1      | pokeman the Deep Elf Hedge Wizard began the quest for the
                  | Orb.
     0 | D:1      | Reached XP level 1. HP: 10/10 MP: 7/7
    69 | D:1      | Found a faded altar of an unknown god.
   359 | D:1      | Reached XP level 2. HP: 16/16 MP: 3/9
  1440 | D:2      | Found a glowing silver altar of Zin.
  1543 | D:2      | Reached skill level 5 in Spellcasting
  1863 | D:2      | Reached XP level 3. HP: 20/20 MP: 7/11
  1867 | D:2      | Learned a level 3 spell: Mephitic Cloud
  1870 | D:2      | Learned a level 2 spell: Call Imp
  1873 | D:2      | Learned a level 2 spell: Blink
  2028 | D:2      | Reached skill level 1 in Fighting
  2129 | D:2      | Reached skill level 1 in Armour
  2133 | D:2      | HP: 1/20 [poisoned by an adder]
  2374 | D:3      | Found an iron altar of Okawaru.
  2561 | D:3      | Killed from afar by an orc priest

Illustrated notes

Levels and vault maps discovered:
D:1:      ebering_hopf_link, layout_basic,
          dreamdust_ecumenical_altar_hidden_monk_grotto, item_on_display_a
D:2:      layout_basic, basic_altar, grunt_ministairs_5, dreamdust_wishing_well,
          nicolae_figureground_sparkle
D:3:      layout_basic, mainiacjoe_overflow_boulevard,
          mainiacjoe_overflow_catwalk

Skill      XL: |  1  2  3 |
---------------+----------+-----
Spellcasting   | 5 |  5.3
Fighting       | 1 |  1.0
Armour         | 1 |  1.0
Conjurations   | 2 |  2.0
Dodging        | |  2.6
Stealth        | |  2.4
Summonings     | |  1.1
Translocations | |  1.1

Action                     || total
---------------------------++-------
  Melee: Dagger            ||     9
   Cast: Magic Dart        ||   114
         Mephitic Cloud    ||     1
    Use: Potion            ||     3
   Stab: Confused          ||     1
 Armour: Robe              ||     9
  Dodge: Dodged            ||    20

Table legend: (Time is in decaauts)
 A = Elapsed time spent in this place.
 B = Non-inter-level travel time spent in this place.
 C = Inter-level travel time spent in this place.
 D = Time resting spent in this place.
 E = Time spent auto-exploring this place.
 F = Levels seen in this place.
 G = Mean time per level.
                   A        B        C        D        E       F      G
               +--------+--------+--------+--------+--------+-----+--------+
         Total |   2557 |   2459 |     98 |     31 |   2142 |   3 |  852.3 |
       Dungeon |   2557 |   2459 |     98 |     31 |   2142 |   3 |  852.3 |
               +--------+--------+--------+--------+--------+-----+--------+

Top non-repeatable levels by time:
     D:1: 1425 daAuts
     D:2: 920 daAuts
     D:3: 211 daAuts
